 Dungeon Crawl Stone Soup version 0.20-a0-470-gbb038bd (webtiles) character file.

22 shinino the Cudgeler (level 2, 0/21 HPs)
             Began as an Octopode Chaos Knight on Jan 13, 2017.
             Slain by a gnoll
             ... wielding a +0 halberd
              (15 damage)
             ... on level 1 of the Dungeon.
             The game lasted 00:00:59 (587 turns).

shinino the Cudgeler (Octopode Chaos Knight)         Turns: 587, Time: 00:01:00

Health: 0/21       AC:  1    Str: 11    XL:     2   Next: 91%
Magic:  2/2        EV: 13    Int: 14    God:    Xom [..*...]
Gold:   24         SH:  3    Dex: 11    Spells: 1/1 levels left

rFire  . . .     SeeInvis .     a - +0 mace (chaos)
rCold  . . .     Gourm    .     (no shield)
rNeg   . . .     Faith    .     (helmet restricted)
rPois  .         Spirit   .     e - +3 amulet of reflection
rElec  .         Reflect  +     (no ring)
rCorr  .         Harm     .     (no ring)
MR     .....                    (no ring)
Stlth  ++........               (no ring)
                                (no ring)
                                (no ring)
                                (no ring)
                                (no ring)

@: no status effects
A: almost no armour, stealthy swim, amphibious, 8 rings, constrict 8, camouflage
1, gelatinous body 1
a: Renounce Religion


You were on level 1 of the Dungeon.
You worshipped Xom.
You were a toy of Xom.
You were not hungry.

You visited 1 branch of the dungeon, and saw 1 of its levels.

You collected 24 gold pieces.

Inventory:

Hand Weapons
 a - a +0 mace of chaos (weapon)
Jewellery
 e - a +3 amulet of reflection (around mantle)
Scrolls
 c - 2 scrolls of remove curse {unknown}
 f - a scroll of noise {unknown}
 i - a scroll of identify {unknown}
Potions
 g - a potion of brilliance {unknown}
Comestibles
 b - a bread ration
 d - 4 fruits
 h - a chunk of flesh


   Skills:
 - Level 3.0 Fighting
 + Level 4.0 Maces & Flails
 - Level 2.3 Dodging


You had one spell level left.
You didn't know any spells.

Dungeon Overview and Level Annotations

Branches:
Dungeon (1/15)

Altars:


Innate Abilities, Weirdness & Mutations

You cannot wear most types of armour.
You are very stealthy in the water. (Stealth+)
You are amphibious.
You can wear up to eight rings at the same time.
You can use your tentacles to constrict eight enemies at once.
Your skin changes colour to match your surroundings (Stealth+).
Your rubbery body absorbs attacks. (AC +1, EV +1)


Message History

You see here an uncursed amulet of faith.
A bat comes into view.
A gnoll comes into view. It is wielding a halberd.
A hobgoblin comes into view.
The gnoll shouts!
The bat misses you.
You closely miss the bat. Your grab misses the bat. You block the bat's attack.
The bat barely misses you. The gnoll closely misses you.
Some of the chunks of flesh in your inventory have rotted away.
You barely miss the bat. Your grab misses the bat. The bat closely misses you.
The gnoll hits you from afar with a halberd.
You hit the hobgoblin but do no damage.
Space warps horribly around the hobgoblin!
You kill the hobgoblin!
The bat hits you. The gnoll barely misses you. The bat hits you.
The gnoll hits you with a halberd.
You hit the gnoll but do no damage.
The gnoll twitches.
You grab the gnoll. You constrict the gnoll. The bat misses you.
The gnoll hits you with a halberd!
Ouch! That really hurt!
You die...

#......#.######
#...
#....#........#
#...
#....#........#
#...
#.............#
#...
#######.......#
#...
###.............#
#...
#...............#
#...
#!..............#
#...
#......@........#
#...
#....b.g.########
#### #........#
#........#
#........#
#........#
###########
#........#
#.........##
#........#
#.####.....#
#.#..#.##..#


You could see a gnoll and a bat.

Vanquished Creatures
  A leopard gecko (D:1)
  2 bats (D:1)
  A giant cockroach (D:1)
  3 goblins (D:1)
  3 hobgoblins (D:1)
  6 kobolds (D:1)
  A frilled lizard (D:1)
  A rat (D:1)
18 creatures vanquished.

Notes
Turn   | Place    | Note
-------+----------+-------------------------------------------
     0 | D:1      | shinino the Octopode Chaos Knight began the quest for the Orb.
     0 | D:1      | Reached XP level 1. HP: 16/16 MP: 1/1
    49 | D:1      | XOM: harmless Necr miscast
    63 | D:1      | Reached XP level 2. HP: 6/21 MP: 2/2
   535 | D:1      | XOM: divination: magic mapping
   550 | D:1      | Reached skill level 4 in Maces & Flails
   587 | D:1      | Slain by a gnoll

Vault maps used:
D:1:      minmay_arrival_semitransparent, serial_bayou_pond_a,
          minmay_split_cup_small

Skill      XL: |  1  2 |
---------------+-------+-----
Maces & Flails | 4 |  4.0
Fighting       | |  3.0
Dodging        | |  2.3

Action                   || total
-------------------------++-------
Melee: Mace              ||    35
       Constrict         ||     8
       Tentacles         ||     3
 Stab: Sleeping          ||     3
Dodge: Dodged            ||    20
Block: Other             ||     4
